 Dungeon Crawl Stone Soup version 0.31.0-1-g2c135a0 (webtiles) character file.

Game seed: 5064532107930311643

6645 nerdeater69 the Destroyer (level 11, 0/54 HPs)
             Began as a Tengu Conjurer on Mar 28, 2024.
             Was a Believer of Ru.
             Shot with an arrow by a centaur (18 damage)
             ... on level 10 of the Dungeon.
             The game lasted 00:58:37 (11440 turns).

nerdeater69 the Destroyer (Tengu Conjurer)         Turns: 11440, Time: 00:58:41

Health: 0/54       AC:  4    Str:  8    XL:     11   Next: 2%
Magic:  0/27       EV: 21    Int: 23    God:    Ru [**....]
Gold:   587        SH:  0    Dex: 12    Spells: 18/32 levels left

rFire   . . .        m - staff of conjuration
rCold   . . .        (no shield)
rNeg    . . .        a - +1 robe
rPois   .            (helmet restricted)
rElec   .            l - +0 cloak
rCorr   .            (no gloves)
SInv    .            (boots unavailable)
Will    +....        q - amulet of guardian spirit Stlth
                     p - ring of willpower
HPRegen 0.29/turn    k - +5 ring of evasion
MPRegen 0.20/turn

%: acrobat, guardian spirit
@: flying
A: beak, talons 3, no stealth, inability to train armour, evasive flight,
acrobatic
a: Renounce Religion


You were on level 10 of the Dungeon.
You worshipped Ru.
Ru was pleased with you.
You visited 1 branch of the dungeon, and saw 10 of its levels.

You collected 587 gold pieces.

Inventory:

Hand Weapons
 e - a +1 executioner's axe of freezing
 f - a +0 dagger
 j - a +0 spear
Armour
 a - a +1 robe (worn)
 l - a +0 cloak (worn)
 u - the +0 ring mail "Qucs" {+Blink rN+ Str-4}
   (You found it on level 7 of the Dungeon)

   Str-4:     It affects your strength (-4).
   rN+:       It protects you from negative energy.
   +Blink:    It lets you blink.
Magical Staves
 m - a staff of conjuration (weapon)
 H - a staff of cold
Jewellery
 g - a +4 ring of slaying
 k - a +5 ring of evasion (right hand)
 p - a ring of willpower (left hand)
 q - an amulet of guardian spirit (around neck)
 x - a +6 ring of strength
 A - a ring of willpower
 B - a ring of see invisible
Talismans
 w - a maw talisman
 z - a blade talisman
Wands
 t - a wand of paralysis (18)
 E - a wand of acid (5)
 F - a wand of roots (4)
Scrolls
 i - 2 scrolls of vulnerability
 s - 2 scrolls of brand weapon
 y - a scroll of poison
 C - a scroll of enchant weapon
 G - a scroll of immolation
Potions
 b - a potion of magic
 c - 2 potions of attraction
 d - 4 potions of curing
 h - 2 potions of mutation
 n - a potion of haste
 o - a potion of lignification {unknown}
 r - a potion of cancellation
 v - 2 potions of enlightenment
 D - a potion of ambrosia {unknown}


   Skills:
 - Level 1.5(1.6) Polearms
 - Level 0.5(1.1) Staves
 - Level 2.2 Dodging
 * Level 11.4 Spellcasting
 * Level 13.9 Conjurations
 + Level 0.9 Translocations
 + Level 2.2 Earth Magic
 + Level 1.4 Alchemy


You had 18 spell levels left.
You knew the following spells:

 Your Spells              Type           Power      Damage    Failure   Level
a - Magic Dart            Conj           100%       1d8       0%          1
b - Searing Ray           Conj           100%       2d8       1%          2
c - Fulminant Prism       Conj/Alch      32%        3d15      1%          4
d - Stone Arrow           Conj/Erth      100%       3d13      1%          3
e - Iskenderun's Mystic   Conj/Tloc      63%        2d13      2%          4

Your spell library contained the following spells:

 Spells                   Type           Power      Damage    Failure   Level
 Animate Armour           Summ/Erth      36%        N/A       30%         4
 Ignite Poison            Fire/Alch      16%        N/A       36%         4
 Sticky Flame             Fire/Alch      16%        2d5       36%         4
 Ignition                 Fire           6%         3d4       100%        8
 Lehudib's Crystal Spear  Conj/Erth      33%        10d8      100%        8


Dungeon Overview and Level Annotations

Branches:
Dungeon (10/15)            Temple (0/1) D:7
   Lair: D:8-11         Orc: D:9-12

Altars:
Cheibriados
Dithmenos
Fedhas
Gozag
Ru
Vehumet
Xom
The Shining One

Shops:
D:2 ?   D:3 [[(   D:4 [

Annotations:
D:6 1 runed translucent door
D:9 2 runed translucent doors, exclusion: orange crystal statue


Innate Abilities, Weirdness & Mutations

You have a beak for a mouth.
You have claws for feet.
You cannot be stealthy.
You cannot train Armour skill.
Your magical flight helps you evade attacks. (EV +4)
You can magically evade attacks while moving or waiting.


Message History

Your fulminant prism explodes!
The blast of energy engulfs the efreet!
The efreet is heavily wounded.
You hear a shout! x3; You hear an angry growl.
Casting: Fulminant Prism (dangerous; 1% risk of failure)
Confirm with . or Enter, or press ? or * to list all spells.
You don't have enough magic to cast this spell.
The efreet gestures at you. The bolt of fire misses you.
An orc wizard comes into view. It is wielding a +0 dagger.
The efreet gestures at you. The bolt of fire misses you.
As you read the scroll labelled MEAZAT BUDEMISM, it crumbles to dust.
Your body is wracked with pain!
The orc wizard convulses!
It was a scroll of torment.
A centaur comes into view. It is wielding a +0 orcbow.
The centaur shoots an arrow.
The arrow completely misses you.
The air fills with toxic fumes!
As you read the scroll of poison, it crumbles to dust.
The centaur throws a stone.
The stone misses you.
A wolf comes into view.
The efreet begins to attack, but is stunned by your conviction!
You don't have enough magic to cast this spell.
Aiming: Fastroot
Press: ? - help, Shift-Dir - straight line, f - efreet
Aim: an efreet, wielding the +9 falchion of Quantum Leap {antimagic, Str+4} (heavily wounded)
Okay, then.
Unknown command.
Aiming: Fastroot
Press: ? - help, Q - select action, (/) - cycle Shift-Dir - straight line, f - efreet
Aim: an efreet, wielding the +9 falchion of Quantum Leap {antimagic, Str+4} (heavily wounded)
The roots erupt in riotous growth!
Roots grab the efreet.
The wolf howls!
The grasping roots constrict the efreet.
The centaur shoots an arrow.
The arrow misses you.
The wolf is engulfed in poison gas.
The wolf is poisoned.
The efreet gestures at you. The bolt of fire misses you.
The centaur shoots an arrow.
The arrow hits you!!
You die...

....# #. ##..#..###.#.# .
...#.[# ##...###...# .#
...#..# #.###.#.#..# )# ...#
## ..##.##...#.##. ...#
...##...##...# .# ..#.# ##
#..#####§# ..##.# ###.§#.§#
..# #.# .§§#######§R○##.#
D.# #.# #§§§§§@§#### ## .##
#..§§o§§§§§§§§§§##### .##..
.§§§§§§§§§§§§§§§..#
.........§§§§§§§§§§§§§§§....
.........#§§§§§§§§§§§§§§...#
##..... ###§§§§§§§§§§§§...#
.#....######§§§§§§§h§§§§...
....#....#)§§§§§§§c§§§§§.#
........<..##.D........#


You could see an efreet (rooted), a wolf (poisoned), a centaur and an orc
wizard.

Vanquished Creatures
  Maggie (D:9)
  3 kobold demonologists (D:10)
  A troll (D:9)
  A hornet (D:9)
  2 wyverns
  4 yaks
  Eustachio (D:4)
  2 steam dragons
  An acid dragon (D:10)
  2 water moccasins (D:7)
  3 orc warriors
  A black bear (D:8)
  3 ice beasts
  A sky beast (D:8)
  4 ogres
  4 centaurs
  3 kobold brigands
  4 bullfrogs
  3 scorpions
  13 wights
  4 killer bees (D:9)
  A howler monkey (D:9)
  3 orc priests
  A bombardier beetle (D:5)
  5 iguanas
  9 orc wizards
  A mummy (D:5)
  Robin (D:2)
  7 gnolls
  13 adders
  4 dart slugs
  A ribbon worm (D:5)
  21 orcs
  An endoplasm (D:1)
  3 giant cockroaches
  11 goblins
  9 hobgoblins
  3 jackals (D:1)
  3 ball pythons
  9 bats
  10 frilled lizards
  A hobgoblin zombie (D:5)
  13 kobolds
  A kobold zombie (D:5)
  3 rats
195 creatures vanquished.

Vanquished Creatures (others)
  29 fulminant prisms
29 creatures vanquished.

Grand Total: 224 creatures vanquished

Notes
Turn   | Place    | Note
-------+----------+-------------------------------------------
     0 | D:1      | nerdeater69 the Tengu Conjurer began the quest for the Orb.
     0 | D:1      | Reached XP level 1. HP: 10/10 MP: 4/4
   178 | D:1      | Reached XP level 2. HP: 15/15 MP: 4/6
   320 | D:1      | Reached skill level 6 in Conjurations
   586 | D:1      | Reached XP level 3. HP: 19/19 MP: 3/7
  1338 | D:2      | Noticed Robin
  1386 | D:2      | Killed Robin
  1458 | D:2      | Reached XP level 4. HP: 24/24 MP: 2/8
  1788 | D:2      | Reached skill level 7 in Conjurations
  1802 | D:2      | Reached XP level 5. HP: 20/28 MP: 0/10
  1973 | D:2      | Found Bucsuahi's Magic Scroll Boutique.
  2468 | D:3      | Found Nuaph's Armour Shoppe.
  2482 | D:3      | Found Mawonn's Armour Shoppe.
  2791 | D:3      | Found Hufely's Weapon Shop.
  2850 | D:3      | Found a faded altar of an unknown god.
  2855 | D:3      | Found a snail-covered altar of Cheibriados.
  2863 | D:3      | Prayed at the altar of an unknown god.
  2863 | D:3      | Became a worshipper of Ru the Awakened
  3036 | D:3      | Found an opulent altar of Gozag.
  3214 | D:4      | Noticed Eustachio
  3218 | D:4      | Learned a level 2 spell: Searing Ray
  3226 | D:4      | Killed Eustachio
  3227 | D:4      | Reached skill level 1 in Polearms
  3227 | D:4      | Reached XP level 6. HP: 32/32 MP: 0/13
  3404 | D:4      | Found Jygeenu's Antique Armour Shop.
  3505 | D:4      | Reached skill level 8 in Conjurations
  3622 | D:4      | Reached skill level 5 in Spellcasting
  3622 | D:4      | Gained mutation: Your magical flight helps you evade
                  | attacks. (EV +4) [Tengu growth]
  3622 | D:4      | Reached XP level 7. HP: 31/36 MP: 9/15
  4124 | D:5      | Entered Level 5 of the Dungeon
  4631 | D:5      | Reached XP level 8. HP: 30/41 MP: 6/18
  4890 | D:5      | Reached skill level 9 in Conjurations
  4895 | D:5      | Learned a level 4 spell: Fulminant Prism
  5390 | D:5      | Found a blossoming altar of Fedhas.
  5398 | D:5      | Gained mutation: You cannot train Armour skill. [Ru
                  | sacrifice]
  5398 | D:5      | Reached * piety under Ru
  6501 | D:6      | Found a shadowy altar of Dithmenos.
  6568 | D:6      | Reached skill level 10 in Conjurations
  6684 | D:6      | Reached XP level 9. HP: 34/45 MP: 10/22
  6830 | D:6      | Found a runed translucent door.
  6944 | D:7      | Found a glowing golden altar of the Shining One.
  6946 | D:7      | Found a radiant altar of Vehumet.
  7264 | D:7      | Identified the +0 ring mail "Qucs" {+Blink rN+ Str-4}
  7715 | D:7      | Found a staircase to the Ecumenical Temple.
  7727 | D:7      | Reached skill level 11 in Conjurations
  7790 | D:7      | Learned a level 3 spell: Stone Arrow
  7795 | D:7      | Learned a level 4 spell: Iskenderun's Mystic Blast
  7961 | D:7      | Found a shimmering altar of Xom.
  8489 | D:8      | Reached skill level 1 in Earth Magic
  8559 | D:8      | HP: 2/43 [wight/+3 battleaxe (4)]
  8604 | D:8      | Gained mutation: You cannot be stealthy. [Ru sacrifice]
  8604 | D:8      | Reached ** piety under Ru
  8623 | D:8      | Reached skill level 10 in Spellcasting
  8932 | D:8      | Reached XP level 10. HP: 50/50 MP: 18/25
  8950 | D:8      | Reached skill level 1 in Alchemy
  9522 | D:9      | Reached skill level 12 in Conjurations
  9567 | D:9      | Found a runed translucent door.
  9579 | D:9      | Noticed an orange crystal statue
  9588 | D:9      | Found a runed translucent door.
  9598 | D:9      | Found a runed translucent door.
  9608 | D:9      | Found a runed translucent door.
  9639 | D:9      | Noticed Maggie
  9646 | D:9      | Killed Maggie
 10007 | D:9      | Reached skill level 13 in Conjurations
 10826 | D:10     | Entered Level 10 of the Dungeon
 10900 | D:10     | Noticed a kobold demonologist
 10906 | D:10     | Noticed a sun demon
 10907 | D:10     | Noticed a kobold demonologist
 11098 | D:10     | Noticed a kobold demonologist
 11105 | D:10     | Noticed a sun demon
 11108 | D:10     | Killed a kobold demonologist
 11330 | D:10     | Noticed a kobold demonologist
 11339 | D:10     | Killed a kobold demonologist
 11419 | D:10     | Killed a kobold demonologist
 11420 | D:10     | Reached XP level 11. HP: 54/54 MP: 18/27
 11429 | D:10     | Identified the +9 falchion of Quantum Leap {antimagic,
                  | Str+4}
 11440 | D:10     | Shot with an arrow by a centaur

Illustrated notes

Levels and vault maps discovered:
D:1:      shiori_arrival_elements, layout_basic
D:2:      layout_loops_ring, serial_shops, shop, uniq_robin
D:3:      layout_loops_ring, nicolae_gozag_cash_rules_everything_around_me,
          nicolae_overflow_ecumenical_swirl, serial_shops,
          nicolae_shop_bloodbath_and_beyond, shop, nicolae_shop_window_shopping,
          chequers_serial_rivers_small_a, minivault_11, serial_bayou_ford_a
D:4:      layout_basic, serial_shops, nicolae_shop_window_shopping,
          uniq_eustachio
D:5:      layout_gridville, fedhas_altar_3, nicolae_ossuary_entry_giza,
          hangedman_decor_points, minmay_lizard_king
D:6:      layout_basic, nicolae_dithmenos_through_a_glass_darkly, st_stairs_11,
          lightli_church_of_beogh
D:7:      layout_basic, mainiacjoe_overflow_brackets,
          grunt_temple_overflow_open, minmay_temple_entry_offerings
D:8:      layout_basic
D:9:      layout_irregular_city, minmay_statue_crystal_thing, uniq_maggie
D:10:     minmay_ornate_pinched, layout_cave_pools, uniq_grum

Skill      XL: |  1  2  3  4  5  6  7  8  9 10 |
---------------+-------------------------------+-----
Conjurations   | 6 7 8 10 11 13 | 13.9
Spellcasting   | 3 4 5 6 8 10 11 | 11.4
Polearms       | 1 |  1.5
Earth Magic    | 1 2 |  2.2
Stealth        | 0 |  0.0
Alchemy        | 1 |  1.4
Staves         | |  0.5
Dodging        | |  2.2
Translocations | |  0.9

Action                     |  1- 3 |  4- 6 |  7- 9 | 10-12 || total
---------------------------+-------+-------+-------+-------++-------
  Melee: Unarmed           |     3 |       |       |       ||     3
         Kick              |     4 |     2 |    12 |       ||    18
         Spear             |     7 |     7 |       |       ||    14
         Staff             |       |     6 |    33 |       ||    39
         Peck              |       |     1 |     5 |       ||     6
   Cast: Magic Dart        |    70 |    75 |   225 |    40 ||   410
         Searing Ray       |       |     5 |    30 |     5 ||    40
         Fulminant Prism   |       |       |     8 |    21 ||    29
         Stone Arrow       |       |       |    25 |    23 ||    48
         Iskenderun's Myst |       |       |       |    10 ||    10
 Invoke: Sacrifice Durabil |       |       |     1 |       ||     1
         Sacrifice Stealth |       |       |     1 |       ||     1
  Evoke: Wand              |       |       |       |     1 ||     1
    Use: Scroll            |       |     7 |     8 |     7 ||    22
         Potion            |       |       |     2 |     1 ||     3
   Stab: Sleeping          |       |       |     1 |       ||     1
 Armour: Robe              |     7 |    10 |    45 |    23 ||    85
  Dodge: Dodged            |    22 |    23 |   184 |    90 ||   319
